TOP OF THE 1ST |
Fort Wayne TinCaps batting - Pitching for Great Lakes Loons : RHP Pat Matera
|
Pitching: RHP Pat Matera
|
|
Now at 2B: Cory Bowler
|
|
Now at SS: Nate Kee
|
|
Batting: SHB Detlef Oursler
|
0-0: Foul Ball, location: 2F 0-1: DOUBLE (Line Drive, 78D, EV 108.1 MPH)
|
Batting: LHB Tony Contreras
|
0-0: Called Strike 0-1: Foul Ball, location: 2F 0-2: Foul Ball, location: 2F 0-2: Ball 1-2: Foul Ball, location: 2F 1-2: Strikes out swinging
|
Batting: LHB Sean Trueblood
|
0-0: Ball Detlef Oursler steals 3rd base 1-0: Foul Ball, location: 2F 1-1: Ball 2-1: Ground out 4-3 (Groundball, 4, EV 106.9 MPH) Detlef Oursler scores
|
Batting: LHB Justin Alworth
|
0-0: Called Strike 0-1: Ball 1-1: Foul Ball, location: 2F 1-2: Ground out U3 (Groundball, 34S, EV 90.0 MPH)
|
Top of the 1st over - 1 run, 1 hit, 0 errors, 0 left on base; Fort Wayne 1 - Great Lakes 0 |
BOTTOM OF THE 1ST |
Great Lakes Loons batting - Pitching for Fort Wayne TinCaps : LHP David Rodriguez
|
Pitching: LHP David Rodriguez
|
|
Batting: RHB Ruben Serrata
|
0-0: Foul Ball, location: 2F 0-1: Ground out 4-3 (Groundball, 4, EV 81.2 MPH)
|
Batting: LHB Tore Bosch
|
0-0: Ball 1-0: Ball 2-0: Ground out 5-3 (Groundball, 6, EV 96.9 MPH)
|
Batting: LHB Jesus Ramirez
|
0-0: Ball 1-0: Ball 2-0: Ball 3-0: Fly out, F6 (Popup, 6M, EV 57.5 MPH)
|
Bottom of the 1st over - 0 runs, 0 hits, 0 errors, 0 left on base; Fort Wayne 1 - Great Lakes 0 |
TOP OF THE 2ND |
Fort Wayne TinCaps batting - Pitching for Great Lakes Loons : RHP Pat Matera
|
Batting: LHB Javy Portela
|
0-0: Called Strike 0-1: Ball 1-1: Called Strike 1-2: Fly out, F4 (Popup, 4, EV 80.6 MPH)
|
Batting: RHB Brian Klinkner
|
0-0: Ball 1-0: Called Strike 1-1: Foul Ball, location: 2F 1-2: Strikes out swinging
|
Batting: RHB Adrian Cook
|
0-0: Ground out 6-3 (Groundball, 6, EV 83.1 MPH)
|
Top of the 2nd over - 0 runs, 0 hits, 0 errors, 0 left on base; Fort Wayne 1 - Great Lakes 0 |
BOTTOM OF THE 2ND |
Great Lakes Loons batting - Pitching for Fort Wayne TinCaps : LHP David Rodriguez
|
Batting: RHB Javier Solis
|
0-0: Called Strike 0-1: Foul Ball, location: 2F 0-2: Foul Ball, location: 2F 0-2: Strikes out swinging
|
Batting: SHB Xavier Alaniz
|
0-0: Ball 1-0: Swinging Strike 1-1: Ball 2-1: Ball 3-1: Base on Balls
|
Batting: RHB Justin Curran
|
0-0: Fielders Choice at 2nd, 4-6 (Groundball, 4, EV 107.5 MPH)
|
Batting: LHB Nate Kee
|
0-0: Ball Justin Curran steals 2nd base 1-0: Ball 2-0: Foul Ball, location: 2F 2-1: Fly out, F9 (Line Drive, 9, EV 101.9 MPH)
|
Bottom of the 2nd over - 0 runs, 0 hits, 0 errors, 1 left on base; Fort Wayne 1 - Great Lakes 0 |
TOP OF THE 3RD |
Fort Wayne TinCaps batting - Pitching for Great Lakes Loons : RHP Pat Matera
|
Batting: RHB Danny Gallegos
|
0-0: Called Strike 0-1: Ground out 1-3 (Groundball, 15S, EV 71.2 MPH)
|
Batting: RHB Marcus Dawson
|
0-0: Foul Ball, location: 2F 0-1: Ball 1-1: Swinging Strike 1-2: Strikes out swinging
|
Batting: SHB Detlef Oursler
|
0-0: Ball 1-0: Foul Ball, location: 2F 1-1: Ball 2-1: Foul Ball, location: 2F 2-2: SINGLE (Groundball, 4M, EV 106.9 MPH) (infield hit)
|
Batting: LHB Tony Contreras
|
0-0: Ball Detlef Oursler steals 2nd base 1-0: Foul Ball, location: 2F 1-1: Fly out, F7 (Flyball, 7, EV 89.4 MPH)
|
Top of the 3rd over - 0 runs, 1 hit, 0 errors, 1 left on base; Fort Wayne 1 - Great Lakes 0 |
BOTTOM OF THE 3RD |
Great Lakes Loons batting - Pitching for Fort Wayne TinCaps : LHP David Rodriguez
|
Batting: LHB Cory Bowler
|
0-0: Called Strike 0-1: Hit by Pitch
|
Batting: LHB Jim Jardine
|
0-0: Called Strike 0-1: Fielders Choice at 2nd, 1-6 (Groundball, 13S, EV 73.1 MPH)
|
Batting: RHB Ruben Serrata
|
0-0: Ball 1-0: Called Strike 1-1: Ball 2-1: Called Strike Jim Jardine steals 2nd, throwing error, E2 Jim Jardine to third 2-2: Fly out, F6 (Popup, 4MS, EV 75.6 MPH)
|
Batting: LHB Tore Bosch
|
0-0: Foul Ball, location: 2F 0-1: Ball 1-1: Ball 2-1: Ball 3-1: Called Strike 3-2: Strikes out swinging
|
Bottom of the 3rd over - 0 runs, 0 hits, 1 error, 1 left on base; Fort Wayne 1 - Great Lakes 0 |
TOP OF THE 4TH |
Fort Wayne TinCaps batting - Pitching for Great Lakes Loons : RHP Pat Matera
|
Batting: LHB Sean Trueblood
|
0-0: Ball 1-0: Ball 2-0: SINGLE (Groundball, 56D, EV 93.8 MPH)
|
Batting: LHB Justin Alworth
|
0-0: Swinging Strike 0-1: Fly out, F9 (Flyball, 9LS, EV 96.2 MPH)
|
Batting: LHB Javy Portela
|
0-0: Called Strike 0-1: Ball 1-1: Ball 2-1: Foul Ball, location: 2F 2-2: SINGLE (Groundball, 34D, EV 101.2 MPH) (infield hit) Sean Trueblood to second
|
Batting: RHB Brian Klinkner
|
0-0: Ball 1-0: Ball 2-0: Ball 3-0: Called Strike 3-1: Called Strike 3-2: Foul Ball, location: 2F 3-2: Strikes out looking
|
Batting: RHB Adrian Cook
|
0-0: Called Strike 0-1: Ball 1-1: Ball 2-1: Foul Ball, location: 2F 2-2: Ball 3-2: Ground out 6-3 (Groundball, 6, EV 110.6 MPH)
|
Top of the 4th over - 0 runs, 2 hits, 0 errors, 2 left on base; Fort Wayne 1 - Great Lakes 0 |
BOTTOM OF THE 4TH |
Great Lakes Loons batting - Pitching for Fort Wayne TinCaps : LHP David Rodriguez
|
Batting: LHB Jesus Ramirez
|
0-0: Called Strike 0-1: Ground out 1-3 (Groundball, 13S, EV 71.9 MPH)
|
Batting: RHB Javier Solis
|
0-0: Called Strike 0-1: Called Strike 0-2: Ball 1-2: Strikes out swinging
|
Batting: SHB Xavier Alaniz
|
0-0: Swinging Strike 0-1: Ball 1-1: SOLO HOME RUN (Flyball, 8RXD, EV 110.0 MPH), Distance : 436 ft
|
Batting: RHB Justin Curran
|
0-0: Called Strike 0-1: Foul Ball, location: 2F 0-2: Ball 1-2: Strikes out swinging
|
Bottom of the 4th over - 1 run, 1 hit, 0 errors, 0 left on base; Fort Wayne 1 - Great Lakes 1 |
TOP OF THE 5TH |
Fort Wayne TinCaps batting - Pitching for Great Lakes Loons : RHP Pat Matera
|
Batting: RHB Danny Gallegos
|
0-0: DOUBLE (Popup, 4MD, EV 49.4 MPH)
|
Batting: RHB Marcus Dawson
|
0-0: Foul Ball, location: 2F 0-1: Ball 1-1: Ball 2-1: Foul Ball, location: 2F 2-2: Ball 3-2: Foul Ball, location: 2F 3-2: SINGLE (Flyball, 6MD, EV 94.4 MPH) Danny Gallegos to third
|
Batting: SHB Detlef Oursler
|
0-0: Ball 1-0: Foul Ball, location: 2F 1-1: Foul Ball, location: 2F 1-2: Ball 2-2: Ball 3-2: SINGLE (Groundball, P, EV 80.0 MPH) (infield hit) Danny Gallegos scores Marcus Dawson to second
|
Batting: LHB Tony Contreras
|
0-0: Called Strike 0-1: Ball 1-1: Ball 2-1: Fielders Choice at 2nd, 3-6 (Groundball, 34, EV 97.5 MPH) Marcus Dawson to third
|
Batting: LHB Sean Trueblood
|
0-0: Foul Ball, location: 2F 0-1: Ball 1-1: Foul Ball, location: 2F 1-2: Fly out, F9 (Flyball, 9S, EV 86.2 MPH) Runner from 3rd tags up, SCORES, throw by RF
|
Batting: LHB Justin Alworth
|
0-0: Foul Ball, location: 2F 0-1: Ball 1-1: Ball 2-1: SINGLE (Line Drive, 89S, EV 90.6 MPH) Tony Contreras to second Runner from 2nd tries for 3rd, SAFE, throw by RF made to third
|
Batting: LHB Javy Portela
|
0-0: Ball 1-0: Foul Ball, location: 2F 1-1: Called Strike 1-2: Strikes out swinging
|
Top of the 5th over - 2 runs, 4 hits, 0 errors, 2 left on base; Fort Wayne 3 - Great Lakes 1 |
BOTTOM OF THE 5TH |
Great Lakes Loons batting - Pitching for Fort Wayne TinCaps : LHP David Rodriguez
|
Batting: LHB Nate Kee
|
0-0: Ball 1-0: Swinging Strike 1-1: Fly out, F6 (Flyball, 6MD, EV 85.0 MPH)
|
Batting: LHB Cory Bowler
|
0-0: Swinging Strike 0-1: Foul Ball, location: 2F 0-2: Strikes out swinging
|
Batting: LHB Jim Jardine
|
0-0: Ball 1-0: Called Strike 1-1: Ball 2-1: Foul Ball, location: 2F 2-2: Strikes out swinging
|
Bottom of the 5th over - 0 runs, 0 hits, 0 errors, 0 left on base; Fort Wayne 3 - Great Lakes 1 |
TOP OF THE 6TH |
Fort Wayne TinCaps batting - Pitching for Great Lakes Loons : RHP Pat Matera
|
Batting: RHB Brian Klinkner
|
0-0: Ball 1-0: Foul Ball, location: 2F 1-1: Ball 2-1: Ball 3-1: Foul Ball, location: 2F 3-2: DOUBLE (Line Drive, 8RXD, EV 100.6 MPH)
|
Batting: RHB Adrian Cook
|
0-0: Intentional Walk
|
Batting: RHB Danny Gallegos
|
0-0: Called Strike 0-1: Swinging Strike 0-2: Fly out, F9 (Flyball, 9S, EV 93.1 MPH)
|
Batting: RHB Marcus Dawson
|
0-0: Ball 1-0: Swinging Strike 1-1: Ball 2-1: Foul Ball, location: 2F 2-2: Ball 3-2: Fly out, F7 (Flyball, 7LS, EV 88.8 MPH)
|
Pitching: RHP Gabe Pomales
|
|
Batting: SHB Detlef Oursler
|
0-0: Called Strike 0-1: Fly out, F7 (Flyball, 7, EV 75.6 MPH)
|
Top of the 6th over - 0 runs, 1 hit, 0 errors, 2 left on base; Fort Wayne 3 - Great Lakes 1 |
BOTTOM OF THE 6TH |
Great Lakes Loons batting - Pitching for Fort Wayne TinCaps : LHP David Rodriguez
|
Batting: RHB Ruben Serrata
|
0-0: Swinging Strike 0-1: Ball 1-1: Ball 2-1: Ball 3-1: SINGLE (Flyball, 89S, EV 94.4 MPH)
|
Batting: LHB Tore Bosch
|
|
Batting: RHB Steve Clark
|
0-0: Fly out, F4 (Line Drive, 4, EV 68.8 MPH)
|
Batting: LHB Jesus Ramirez
|
0-0: SINGLE (Groundball, 5D, EV 104.4 MPH) Ruben Serrata to second
|
Batting: RHB Javier Solis
|
0-0: Called Strike 0-1: Ball 1-1: Foul Ball, location: 2F 1-2: Ball 2-2: Fly out, F9 (Flyball, 9, EV 85.0 MPH)
|
Batting: SHB Xavier Alaniz
|
0-0: Ball 1-0: Ball 2-0: Called Strike 2-1: Ball 3-1: Called Strike 3-2: Fly out, F7 (Flyball, 78M, EV 81.2 MPH)
|
Bottom of the 6th over - 0 runs, 2 hits, 0 errors, 2 left on base; Fort Wayne 3 - Great Lakes 1 |
TOP OF THE 7TH |
Fort Wayne TinCaps batting - Pitching for Great Lakes Loons : RHP Gabe Pomales
|
Batting: LHB Tony Contreras
|
0-0: Ground out 4-3 (Groundball, 4M, EV 75.6 MPH)
|
Batting: LHB Sean Trueblood
|
0-0: Ball 1-0: Called Strike 1-1: Ball 2-1: Ball 3-1: Swinging Strike 3-2: Strikes out swinging
|
Batting: LHB Justin Alworth
|
0-0: Ball 1-0: Ball 2-0: Ground out 6-3 (Groundball, 6MS, EV 67.5 MPH)
|
Top of the 7th over - 0 runs, 0 hits, 0 errors, 0 left on base; Fort Wayne 3 - Great Lakes 1 |
BOTTOM OF THE 7TH |
Great Lakes Loons batting - Pitching for Fort Wayne TinCaps : LHP David Rodriguez
|
Batting: RHB Justin Curran
|
0-0: Ground out 4-3 (Groundball, 4, EV 81.2 MPH)
|
Batting: LHB Nate Kee
|
0-0: Swinging Strike 0-1: SINGLE (Flyball, 78M, EV 82.5 MPH)
|
Batting: LHB Cory Bowler
|
0-0: SINGLE (Flyball, 7LS, EV 90.0 MPH) Nate Kee to second
|
Batting: LHB Jim Jardine
|
0-0: Swinging Strike 0-1: Foul Ball, location: 2F 0-2: Ball Passed Ball! Nate Kee to third Cory Bowler to second 1-2: Fly out, F5 (Popup, 5SF, EV 70.0 MPH)
|
Batting: RHB Ruben Serrata
|
0-0: Ball 1-0: Foul Ball, location: 2F 1-1: Ball 2-1: Called Strike 2-2: Ball 3-2: Foul Ball, location: 2F 3-2: Base on Balls
|
Pitching: RHP Ubbe Dekker
|
|
Batting: RHB Steve Clark
|
0-0: Called Strike 0-1: Ball 1-1: Ground out U3 (Groundball, 34, EV 94.4 MPH)
|
Bottom of the 7th over - 0 runs, 2 hits, 0 errors, 3 left on base; Fort Wayne 3 - Great Lakes 1 |
TOP OF THE 8TH |
Fort Wayne TinCaps batting - Pitching for Great Lakes Loons : RHP Gabe Pomales
|
Batting: LHB Javy Portela
|
0-0: SINGLE (Groundball, 56S, EV 71.2 MPH) (infield hit)
|
Batting: RHB Brian Klinkner
|
0-0: Called Strike 0-1: Ball 1-1: Ball 2-1: Foul Ball, location: 2F 2-2: Ball 3-2: Foul Ball, location: 2F 3-2: Base on Balls Javy Portela to second
|
Pinch Hitting: LHB Chad Cutler
|
0-0: Foul Ball, location: 2F 0-1: Ball 1-1: Swinging Strike 1-2: Ball 2-2: Fly out, F5 (Popup, 5SF, EV 70.6 MPH)
|
Batting: RHB Danny Gallegos
|
0-0: Ball 1-0: Fly out, F9 (Line Drive, 9S, EV 96.2 MPH)
|
Batting: RHB Marcus Dawson
|
0-0: Hit by Pitch Javy Portela to third Brian Klinkner to second
|
Batting: SHB Detlef Oursler
|
0-0: Called Strike 0-1: Ball 1-1: Reached via error on a dropped throw from 3B, E4 (Groundball, 5, EV 83.1 MPH) Javy Portela scores Brian Klinkner to third Marcus Dawson to second
|
Batting: LHB Tony Contreras
|
0-0: Called Strike 0-1: Called Strike 0-2: Ball 1-2: Strikes out swinging
|
Top of the 8th over - 1 run, 1 hit, 1 error, 3 left on base; Fort Wayne 4 - Great Lakes 1 |
BOTTOM OF THE 8TH |
Great Lakes Loons batting - Pitching for Fort Wayne TinCaps : RHP Ubbe Dekker
|
Now at 2B: Cesar Arteaga
|
|
Batting: LHB Jesus Ramirez
|
0-0: Ball 1-0: Ball 2-0: Fly out, F7 (Line Drive, 7, EV 91.9 MPH)
|
Batting: RHB Javier Solis
|
0-0: Ball 1-0: Swinging Strike 1-1: Foul Ball, location: 2F 1-2: Foul Ball, location: 2F 1-2: Ball 2-2: Strikes out swinging
|
Batting: SHB Xavier Alaniz
|
0-0: Called Strike 0-1: Ball 1-1: Ball 2-1: Foul Ball, location: 2F 2-2: Strikes out swinging
|
Bottom of the 8th over - 0 runs, 0 hits, 0 errors, 0 left on base; Fort Wayne 4 - Great Lakes 1 |
TOP OF THE 9TH |
Fort Wayne TinCaps batting - Pitching for Great Lakes Loons : RHP Gabe Pomales
|
Pitching: LHP Avon Barksdale
|
|
Batting: LHB Sean Trueblood
|
0-0: Called Strike 0-1: Swinging Strike 0-2: Ball 1-2: Fly out, F7 (Flyball, 78S, EV 93.8 MPH)
|
Batting: LHB Justin Alworth
|
0-0: Called Strike 0-1: Foul Ball, location: 2F 0-2: Strikes out swinging
|
Batting: LHB Javy Portela
|
0-0: Called Strike 0-1: Swinging Strike 0-2: Ball 1-2: Strikes out looking
|
Top of the 9th over - 0 runs, 0 hits, 0 errors, 0 left on base; Fort Wayne 4 - Great Lakes 1 |
BOTTOM OF THE 9TH |
Great Lakes Loons batting - Pitching for Fort Wayne TinCaps : RHP Ubbe Dekker
|
Pitching: RHP Phil Holmes
|
|
Batting: RHB Justin Curran
|
0-0: Called Strike 0-1: Foul Ball, location: 2F 0-2: SINGLE (Groundball, 6MD, EV 96.2 MPH)
|
Batting: LHB Nate Kee
|
0-0: Called Strike 0-1: Called Strike 0-2: Foul Ball, location: 2F 0-2: Ball Wild Pitch! Justin Curran to second 1-2: Strikes out swinging
|
Batting: LHB Cory Bowler
|
0-0: Foul Ball, location: 2F 0-1: Called Strike 0-2: Ball 1-2: Ball 2-2: Foul Ball, location: 2F 2-2: Ball 3-2: Foul Ball, location: 2F 3-2: Ground out 4-3 (Groundball, 4MS, EV 78.8 MPH) Justin Curran to third
|
Batting: LHB Jim Jardine
|
0-0: Ball 1-0: Ball 2-0: Foul Ball, location: 2F 2-1: Swinging Strike 2-2: Foul Ball, location: 2F 2-2: Strikes out swinging
|
Bottom of the 9th over - 0 runs, 1 hit, 0 errors, 1 left on base; Fort Wayne 4 - Great Lakes 1 |
|